 Dungeon Crawl Stone Soup version 0.17-a0-2115-g0d8b93e (webtiles) character file.

846 Ordine the Cruncher (level 7, -7/56 HPs)
             Began as a Minotaur Gladiator on Oct 20, 2015.
             Killed by nerve-wracking pain
             ... invoked by a shadow imp
              (11 damage)
             ... on level 5 of the Dungeon.
             The game lasted 00:14:02 (3839 turns).

Ordine the Cruncher (Minotaur Gladiator)            Turns: 3839, Time: 00:14:02

Health: -7/56      AC: 12    Str: 19    XL:     7   Next: 68%
Magic:  6/6        EV:  9    Int:  5    God:
Gold:   199        SH:  0    Dex: 13    Spells: 0 memorised, 6 levels left

rFire  . . .     SeeInvis .     a - +2 quarterstaff
rCold  . . .     Clarity  .     g - +1 plate armour
rNeg   . . .     SustAt   .     (no shield)
rPois  +         Gourm    .     c - +0 hat
rElec  .         Spirit   .     (no cloak)
rCorr  .         Warding  .     t - +0 pair of gloves
rMut   .         Stasis   .     (no boots)
MR     .....                    (no amulet)
Stlth  ..........               i - +3 ring of evasion
                                l - ring of poison resistance

@: about to teleport, not resistant to hostile enchantments, extremely
unstealthy
A: retaliatory headbutt, horns 2
a: no special abilities


You were on level 5 of the Dungeon.
You were not hungry.

You visited 2 branches of the dungeon, and saw 6 of its levels.

You collected 199 gold pieces.

Inventory:

Hand Weapons
 a - a +2 quarterstaff (weapon)
Missiles
 d - 2 throwing nets (quivered)
Armour
 c - a +0 hat (worn)
 g - a +1 plate armour (worn)
 k - a +0 shield
 t - a +0 pair of gloves (worn)
Jewellery
 b - an uncursed amulet of stasis
 i - a +3 ring of evasion (right hand)
 j - a +2 ring of protection
 l - a ring of poison resistance (left hand)
Scrolls
 h - a scroll of amnesia
 o - a scroll of identify
Potions
 q - 2 potions of agility
 r - 2 potions of might
Comestibles
 e - 3 bread rations
 f - 2 meat rations
 p - 2 beef jerkies
 s - 7 chunks of flesh


   Skills:
 - Level 2.4 Fighting
 + Level 10.9 Staves
 - Level 2.0 Throwing
 - Level 3.2 Dodging


You had 6 spell levels left.
You didn't know any spells.

Dungeon Overview and Level Annotations

Branches:
Dungeon (5/15)             Temple (1/1) D:5

Altars:
Ashenzari
Cheibriados
Dithmenos
Elyvilon
Gozag
Kikubaaqudgha
Makhleb
Nemelex Xobeh
Qazlal
Ru
Sif Muna
Trog
Xom
Yredelemnul
Zin


Innate Abilities, Weirdness & Mutations

You reflexively headbutt those who attack you in melee.
You have a pair of horns on your head.


Message History

You hit the phantom.
The phantom is lightly damaged.
The shadow imp disappears for a moment.
The shadow imp gestures at you. Pain shoots through your body!
* * * LOW HITPOINT WARNING * * *
The phantom hits you.
* * * LOW HITPOINT WARNING * * *
Read which item? (? for menu, Esc to quit)
You cannot teleport because you are wearing an amulet of stasis.
Remove which piece of jewellery? (? for menu, Esc to quit)
You remove your amulet of stasis.
The phantom hits you but does no damage.
Read which item? (? for menu, Esc to quit)
As you read the scroll of teleportation, it crumbles to dust.
You feel strangely unstable.
The phantom hits you but does no damage.
The shadow imp gestures at you. Pain shoots through your body!
You die...

****#######.#####################
,,,,.............................
*****######.#####################
* #.# ***** * #.# ******,,,# *
#####.########****,,,*,,*,. *
#....<........,,,,,*,,,***#
**#####.#.######W###***,****** #
,,.......#.## #@# **,*,* #
,,[......)#)## #.# **,*,,**######
**#####....#.###5#**,*,,,,,......
#.....#.##.#*,*,,,,,**#####
#......#†#.#,*,,,,,,*
#.......#.#.#,,,,,,,* ##
#........#§#..,,,,,,* #.
#.........#.....,,,,* #.
#.........#......#*,**####.


You could see a phantom and a shadow imp.

Vanquished Creatures
  Grinder (D:5)
  An ogre (D:4)
  6 killer bees (D:5)
  A giant frog zombie (D:5)
  A giant frog skeleton (D:4)
  An orc wizard (D:5)
  2 worker ants (D:4)
  7 adders
  5 worms
  9 orcs
  7 giant cockroaches
  10 goblins
  5 hobgoblins
  5 jackals (D:1)
  13 kobolds
  3 quokkas
  A ball python (D:2)
  8 bats
  7 giant geckos
  A giant gecko skeleton (D:5)
  4 giant newts
  A quokka zombie (D:5)
  7 rats
106 creatures vanquished.

Notes
Turn   | Place    | Note
--------------------------------------------------------------
     0 | D:1      | Ordine the Minotaur Gladiator began the quest for the Orb.
     0 | D:1      | Reached XP level 1. HP: 18/18 MP: 0/0
   117 | D:1      | Reached skill level 4 in Staves
   153 | D:1      | Reached XP level 2. HP: 23/25 MP: 1/1
   332 | D:1      | Reached skill level 5 in Staves
   515 | D:1      | Reached XP level 3. HP: 28/30 MP: 2/2
   862 | D:2      | Found a sacrificial altar of Ru.
  1109 | D:2      | Reached XP level 4. HP: 34/37 MP: 3/3
  1234 | D:2      | Reached skill level 6 in Staves
  1465 | D:3      | Found a snail-covered altar of Cheibriados.
  2010 | D:3      | Found a sparkling altar of Nemelex Xobeh.
  2233 | D:4      | Reached skill level 7 in Staves
  2233 | D:4      | Reached XP level 5. HP: 37/42 MP: 4/4
  2242 | D:4      | Noticed an ogre
  2248 | D:4      | Killed an ogre
  2282 | D:4      | Reached skill level 8 in Staves
  2320 | D:4      | Reached XP level 6. HP: 42/50 MP: 5/5
  2807 | D:5      | Entered Level 5 of the Dungeon
  2965 | D:5      | Found a staircase to the Ecumenical Temple.
  2969 | Temple   | Entered the Ecumenical Temple
  3475 | D:5      | Noticed Grinder
  3499 | D:5      | Killed Grinder
  3499 | D:5      | Reached skill level 9 in Staves
  3499 | D:5      | Reached XP level 7. HP: 14/56 MP: 6/6
  3786 | D:5      | Reached skill level 10 in Staves
  3839 | D:5      | Killed from afar by a shadow imp

Vault maps used:
D:1:      arrival_zaba_pyramid
D:2:      nicolae_ru_the_path_less_chosen
D:3:      cheibriados_altar_1, lemuel_coloured_pillars_altar, first_bread
D:5:      wad_pebble_path, uniq_grinder
Temple:   oiseaux_autumnal_temple_12

Action                   |  1- 3 |  4- 6 |  7- 9 || total
-------------------------+-------+-------+-------++-------
Melee: Quarterstaff      |   103 |   123 |    63 ||   289
Throw: Throwing net      |       |     3 |       ||     3
  Use: Scroll            |     6 |     8 |     1 ||    15
       Potion            |       |       |     2 ||     2
  Eat: Chunk             |     1 |     7 |     1 ||     9
